 Dungeon Crawl Stone Soup version 0.29.1-1-gd02db6906a (webtiles) character file.

Game seed: 12856192904488185465

850 lanetrain the Chiller (level 7, 0/55 HPs)
             Began as a Purple Draconian Ice Elementalist on Sept 25, 2022.
             Was an Elder of Zin.
             Killed from afar by a steam dragon (14 damage)
             ... with a ball of steam
             ... on level 6 of the Dungeon.
             The game lasted 00:18:19 (7752 turns).

lanetrain the Chiller (DrIE)                        Turns: 7752, Time: 00:18:20

Health: 0/55       AC:  8    Str:  9    XL:     7   Next: 69%
Magic:  14/14      EV: 17    Int: 16    God:    Zin [****..]
Gold:   159        SH:  0    Dex: 16    Spells: 9/16 levels left

rFire   . . .      SeeInvis .   z - +2 dagger (venom)
rCold   . . .      Faith    .   (no shield)
rNeg    + . .      Spirit   .   (body armour unavailable)
rPois   .          Reflect  .   (helmet restricted)
rElec   .          Harm     .   A - +0 cloak
rCorr   .          Rampage  .   (no gloves)
Will    +....                   B - +0 pair of boots
Stlth   ++........              (no amulet)
HPRegen 0.18/turn               m - +4 ring of evasion
MPRegen 0.14/turn               o - ring of positive energy

@: short of breath, flying
A: breathe power, AC +6, unfitting armour, cold-blooded, agile 1, sense
surroundings 1
a: Breathe Dispelling Energy, Renounce Religion, Recite, Vitalisation, Imprison,
Donate Gold


You were on level 6 of the Dungeon.
You worshipped Zin.
Zin was greatly pleased with you.
You visited 1 branch of the dungeon, and saw 6 of its levels.

You collected 349 gold pieces.
You donated 190 gold pieces to Zin.

Inventory:

Hand Weapons
 d - a +0 club
 e - a +1 dagger of holy wrath
 i - a +0 mace
 t - a +0 short sword
 z - a +2 dagger of venom (weapon)
Missiles
 w - 60 stones
Armour
 f - a +0 pair of gloves
 x - an orb of mayhem
 A - a +0 cloak (worn)
 B - a +0 pair of boots (worn)
Jewellery
 g - an amulet of faith
 m - a +4 ring of evasion (left hand)
 o - a ring of positive energy (right hand)
 y - a +4 ring of evasion
Scrolls
 b - a scroll of teleportation
 c - 2 scrolls of immolation {unknown}
 q - a scroll of blinking {unknown}
 r - a scroll of magic mapping {unknown}
 s - a scroll of identify
 D - a scroll of amnesia
Potions
 a - 2 potions of magic
 h - 2 potions of haste
 j - 2 potions of curing
 k - a potion of ambrosia {unknown}
 l - a potion of flight
 n - 4 potions of brilliance {unknown}
 p - a potion of heal wounds {unknown}
 u - 2 potions of invisibility {unknown}
 v - a potion of berserk rage {unknown}
 C - a potion of resistance {unknown}


   Skills:
 + Level 2.0 Fighting
 + Level 3.0 Short Blades
 + Level 0.1 Maces & Flails
 + Level 3.5 Dodging
 + Level 3.1 Stealth
 + Level 5.1 Spellcasting
 + Level 6.2 Ice Magic


You had 9 spell levels left.
You knew the following spells:

 Your Spells              Type           Power      Damage    Failure   Level
a - Freeze                Ice            96%        1d11      1%          1
b - Frozen Ramparts       Ice            48%        1d8       3%          3
c - Ozocubu's Armour      Ice            24%        N/A       3%          3

Your spell library contained the following spells:

 Spells                   Type           Power      Damage    Failure   Level
 Magic Dart               Conj           16%        1d3       16%         1
 Searing Ray              Conj           8%         2d4       22%         2
 Hailstorm                Conj/Ice       14%        3d5       38%         4
 Tukima's Dance           Hex            4%         N/A       41%         3
 Fulminant Prism          Conj/Hex       2%         3d6       83%         4
 Passage of Golubria      Tloc           4%         N/A       83%         4
 Yara's Violent Unravell  Hex/Tmut       2%         3d3       99%         5


Dungeon Overview and Level Annotations

Branches:
Dungeon (6/15)             Temple (0/1) D:5

Altars:
Trog
Uskayaw
Wu Jian
Xom
Zin

Annotations:
D:6 1 runed translucent door, Crazy Yiuf


Innate Abilities, Weirdness & Mutations

You can breathe bolts of dispelling energy.
Your rich purple scales are hard. (AC +6)
You cannot fit into any form of body armour.
You are cold-blooded and may be slowed by cold attacks.
You are agile. (Dex +4, Str/Int -1)
You passively map a small area around you.


Message History

The steam dragon is moderately wounded.
The steam dragon misses you. x2
You closely miss the steam dragon.
The steam dragon is moderately wounded.
The steam dragon barely misses you. The steam dragon closely misses you.
You hit the steam dragon but do no damage.
The steam dragon looks as sick as possible!
The steam dragon is moderately wounded.
The steam dragon bites you.
The steam dragon claws you but does no damage.
You hit the steam dragon but do no damage.
The steam dragon looks as sick as possible!
You tail-slap the steam dragon.
The steam dragon is heavily wounded.
The steam dragon completely misses you. The steam dragon barely misses you.
You hit the steam dragon but do no damage.
The steam dragon looks as sick as possible!
The steam dragon is severely wounded.
The steam dragon breathes steam at you. The ball of steam hits you!!
You hit the steam dragon.
The steam dragon looks as sick as possible!
The steam dragon is severely wounded.
You are engulfed in a cloud of scalding steam.
* * * LOW HITPOINT WARNING * * *
The steam dragon misses you. The steam dragon barely misses you.
It was a potion of flight.
You feel very buoyant.
You fly up into the air.
The steam dragon barely misses you. The steam dragon claws you.
* * * LOW HITPOINT WARNING * * *
You hit the steam dragon but do no damage.
The steam dragon looks as sick as possible!
The steam dragon is severely wounded.
The steam dragon completely misses you. The steam dragon closely misses you.
You hit the steam dragon but do no damage.
The steam dragon is almost dead.
The steam dragon breathes steam at you. The ball of steam hits you!
You die...

#.....# , , , #.....# ,,
#......... , * #.....# ,
#......... , , #.....# , ,
#..............* ##
#..####+###+###..............###.
#..#, ...............# #......#.
#..# ,...............# #......#.
#..# ............§...# #......#.
...#............@.§.§# #......#.
####............D.§..# #......#'
......####....######## #####....
[.....# #....# #...'.... ......#
#....# #...#.... ......#
#....############'##.... .....##
#..................##### .....#
+..................'.... .....# ,
#..................#....


You could see a steam dragon (extremely poisoned, catching breath).

Vanquished Creatures
  A sky beast (D:6)
  2 black bears
  A phantom (D:6)
  3 scorpions
  A jelly (D:6)
  Jessica (D:2)
  2 iguanas
  An orc wizard (D:5)
  3 gnolls (D:6)
  7 adders
  A white imp (D:5)
  2 ufetubi
  6 dart slugs
  3 orcs
  8 endoplasms
  4 giant cockroaches
  3 goblins
  6 hobgoblins
  3 jackals (D:1)
  9 kobolds
  4 quokkas
  7 ball pythons
  9 bats
  4 frilled lizards
  7 rats
98 creatures vanquished.

Notes
Turn   | Place    | Note
-------+----------+-------------------------------------------
     0 | D:1      | lanetrain the Draconian Ice Elementalist began the quest
                  | for the Orb.
     0 | D:1      | Reached XP level 1. HP: 14/14 MP: 3/3
   289 | D:1      | Reached XP level 2. HP: 19/20 MP: 5/5
   923 | D:1      | Reached XP level 3. HP: 17/26 MP: 4/6
  1563 | D:1      | Learned a level 3 spell: Frozen Ramparts
  1596 | D:2      | Gained mutation: You are agile. (Dex +4, Str/Int -1)
                  | [potion of mutation]
  1596 | D:2      | Gained mutation: You passively map a small area around you.
                  | [potion of mutation]
  1974 | D:2      | Noticed Jessica
  1980 | D:2      | Killed Jessica
  1981 | D:2      | Reached XP level 4. HP: 33/33 MP: 2/7
  2187 | D:2      | Found a faded altar of an unknown god.
  2223 | D:2      | Prayed at the altar of an unknown god.
  2223 | D:2      | Became a worshipper of Zin the Law-Giver
  2223 | D:2      | Reached * piety under Zin
  2223 | D:2      | Reached ** piety under Zin
  2224 | D:2      | Donated 70 gold pieces to Zin
  2600 | D:3      | Reached skill level 5 in Ice Magic
  2642 | D:3      | Noticed a black bear
  2670 | D:3      | Killed a black bear
  2671 | D:3      | Reached skill level 1 in Short Blades
  2671 | D:3      | Reached XP level 5. HP: 16/39 MP: 0/9
  3408 | D:3      | Reached *** piety under Zin
  3612 | D:3      | Donated 86 gold pieces to Zin
  4137 | D:4      | Found a hide-covered altar of Uskayaw.
  4210 | D:4      | Reached skill level 1 in Fighting
  4210 | D:4      | Reached XP level 6. HP: 19/47 MP: 8/10
  4590 | D:4      | Identified the +0 helmet "Yduiq" {rElec rC+ Dex+3}
  4657 | D:4      | Found a shimmering altar of Xom.
  5104 | D:4      | Learned a level 3 spell: Ozocubu's Armour
  5106 | D:5      | Entered Level 5 of the Dungeon
  5142 | D:5      | Found a staircase to the Ecumenical Temple.
  6059 | D:5      | Found a bloodstained altar of Trog.
  6089 | D:5      | Your scales start taking on a rich purple colour.
  6089 | D:5      | Reached XP level 7. HP: 45/52 MP: 13/13
  7148 | D:6      | Reached **** piety under Zin
  7177 | D:6      | Reached skill level 6 in Ice Magic
  7234 | D:6      | Found a runed translucent door.
  7235 | D:6      | Noticed Crazy Yiuf
  7402 | D:6      | Reached skill level 5 in Spellcasting
  7656 | D:6      | Found an ornate altar of the Wu Jian Council.
  7736 | D:6      | Noticed a steam dragon
  7752 | D:6      | Killed from afar by a steam dragon

Illustrated notes

Levels and vault maps discovered:
D:1:      ncdulo_wetmaze, layout_loops_ring, nrook_mini_backslash,
          minmay_misc_feat_hallway, grunt_decor_arrowhead, st_stairs_9
D:2:      layout_loops_corners, hellmonk_ecumenical_altar_run_dry, uniq_jessica
D:3:      minmay_chambers_of_twos, layout_loops_corners,
          chequers_serial_rivers_micro_d
D:4:      layout_loops_cross, nicolae_uskayaw_murder_on_the_dancefloor,
          xom_teletrap_fun, kennysheep_cluttered_room
D:5:      layout_layer_cave, mainiacjoe_overflow_brackets,
          minmay_temple_entry_antechambers
D:6:      layout_gridville, nzn_wu_jian_contemplation,
          chequers_serial_rivers_small_3, uniq_crazy_yiuf_cottage

Skill      XL: |  1  2  3  4  5  6  7 |
---------------+----------------------+-----
Dodging        | 2 3 |  3.5
Stealth        | 2 3 |  3.1
Ice Magic      | 5 6 |  6.2
Short Blades   | 1 2 3 |  3.0
Spellcasting   | 3 4 5 |  5.1
Fighting       | 1 2 |  2.0
Maces & Flails | |  0.1

Action                   |  1- 3 |  4- 6 |  7- 9 || total
-------------------------+-------+-------+-------++-------
Melee: Unarmed           |     6 |       |       ||     6
       Club              |    28 |       |       ||    28
       Tailslap          |     7 |    22 |     4 ||    33
       Dagger            |    33 |   167 |    54 ||   254
 Cast: Freeze            |    34 |    35 |    13 ||    82
       Frozen Ramparts   |     1 |     1 |     2 ||     4
Invok: Donate Gold       |       |     2 |       ||     2
 Abil: Breathe Dispellin |       |       |     5 ||     5
  Use: Scroll            |     1 |     2 |       ||     3
       Potion            |     1 |     1 |     1 ||     3
 Stab: Sleeping          |     3 |     2 |       ||     5
Armor: Skin              |    35 |    51 |    11 ||    97
Dodge: Dodged            |    63 |   146 |    53 ||   262
